 Dungeon Crawl Stone Soup version 0.20-a0-522-g0b37eee (webtiles) character file.

58 Kaname the Vexing (level 3, 0/24 HPs)
             Began as a Demonspawn Enchanter on Jan 26, 2017.
             Succumbed to an adder's poison
             ... on level 2 of the Dungeon.
             The game lasted 00:07:44 (2385 turns).

Kaname the Vexing (Demonspawn Enchanter)            Turns: 2385, Time: 00:07:44

Health: 0/24       AC:  2    Str:  8    XL:     3   Next: 75%
Magic:  2/6        EV: 12    Int: 17    God:
Gold:   123        SH:  0    Dex: 13    Spells: 0/6 levels left

rFire    . . .     SeeInvis .   a - +1 dagger
rCold    . . .     Gourm    .   b - +0 robe
rNeg     . . .     Faith    .   (no shield)
rPois    .         Spirit   .   (no helmet)
rElec    .         Reflect  .   (no cloak)
rCorr    .         Harm     .   (no gloves)
MR       +....                  (no boots)
Stlth    ++........             (no amulet)
Regen    0.1/turn               k - ring of protection from magic
                                h - ring of flight

@: lethally poisoned (0 -> -4), very slightly contaminated
A: claws 1, powered by pain 1
a: Evoke Flight


You were on level 2 of the Dungeon.
You were hungry.

You visited 1 branch of the dungeon, and saw 2 of its levels.

You collected 123 gold pieces.

Inventory:

Hand Weapons
 a - a +1 dagger (weapon)
Armour
 b - a +0 robe (worn)
Jewellery
 h - a ring of flight (left claw)
 k - a ring of protection from magic (right claw)
Scrolls
 e - 2 scrolls of blinking {unknown}
 f - a scroll of enchant armour {unknown}
 i - 2 scrolls of remove curse {unknown}
 l - a scroll of teleportation {unknown}
 m - a scroll of identify {unknown}
Books
 c - a book of Maledictions

   Spells                             Type                      Level
   a - Corona                         Hexes                        1
   b - Ensorcelled Hibernation        Hexes/Ice                    2
   c - Confuse                        Hexes                        3
   d - Tukima's Dance                 Hexes                        3
   e - Dazzling Spray                 Conjuration/Hexes            3
Comestibles
 d - 4 bread rations
 g - 2 fruits
 j - a royal jelly
 o - 3 chunks of flesh


   Skills:
 + Level 2.8 Short Blades
 - Level 1.7 Dodging
 - Level 3.0 Stealth
 - Level 2.0 Spellcasting
 - Level 3.0 Hexes
 - Level 1.0 Ice Magic


You couldn't memorise any spells.
You knew the following spells:

 Your Spells              Type           Power        Failure   Level  Hunger
a - Corona                Hex            ##.....      6%          1    #......
b - Ensorcelled Hibernat  Hex/Ice        #.....       14%         2    ###....
c - Confuse               Hex            ##......     17%         3    ###....


Dungeon Overview and Level Annotations

Branches:
Dungeon (2/15)

Altars:


Innate Abilities, Weirdness & Mutations

You have sharp fingernails.
You sometimes gain a little power by taking damage.


Message History

You are lethally poisoned!
The adder poisons you!
Unknown command.
You barely miss the adder.
The adder is severely wounded.
* * * LOW HITPOINT WARNING * * *
You feel sick. The adder closely misses you.
You hit the adder.
You kill the adder!
You aren't carrying any potions.
Okay, then.
There is a lethal amount of poison in your body!
There is a lethal amount of poison in your body!
* * * LOW HITPOINT WARNING * * *
You feel sick.
* * * LOW HITPOINT WARNING * * *
You feel sick.
* * * LOW HITPOINT WARNING * * *
You feel sick.
You die...

#.##..#
###.#..>#
#...#.###
#.###. #...#.
###...#.
#.....#.#######
#.#..)#.......#
#.###########@#
#.............#
###############


There were no monsters in sight!

Vanquished Creatures
  An adder (D:2)
  A worm (D:2)
  2 dart slugs (D:1)
  A leopard gecko (D:1)
  A giant cockroach (D:1)
  6 goblins
  2 hobgoblins (D:1)
  5 jackals (D:1)
  5 bats
  2 frilled lizards
  8 kobolds (D:1)
  5 rats
39 creatures vanquished.

Vanquished Creatures (others)
  A jackal (D:1)
  A frilled lizard (D:1)
2 creatures vanquished.

Grand Total: 41 creatures vanquished

Notes
Turn   | Place    | Note
-------+----------+-------------------------------------------
     0 | D:1      | Kaname the Demonspawn Enchanter began the quest for the Orb.
     0 | D:1      | Reached XP level 1. HP: 13/13 MP: 3/3
    26 | D:1      | Reached skill level 1 in Short Blades
   464 | D:1      | Gained mutation: You sometimes gain a little power by taking damage. [demonic ancestry]
   464 | D:1      | Reached XP level 2. HP: 2/19 MP: 5/5
  1201 | D:1      | Learned a level 2 spell: Ensorcelled Hibernation
  1388 | D:1      | Reached skill level 1 in Ice Magic
  1388 | D:1      | Gained mutation: You have sharp fingernails. [demonic ancestry]
  1388 | D:1      | Reached XP level 3. HP: 19/24 MP: 6/6
  1700 | D:1      | Learned a level 3 spell: Confuse
  2379 | D:2      | HP: 1/24 [poisoned by an adder]
  2385 | D:2      | Succumbed to an adder's poison

Vault maps used:
D:1:      shiori_arrival_oz, minmay_pentomino_x2
D:2:      first_bread, minmay_goblin_kobold_house

Skill      XL: |  1  2 |
---------------+-------+-----
Short Blades   | 1 2 |  2.8
Stealth        | 3 |  3.0
Ice Magic      | 1 |  1.0
Dodging        | |  1.7
Spellcasting   | |  2.0
Hexes          | |  3.0

Action                   || total
-------------------------++-------
Melee: Dagger            ||   186
 Cast: Corona            ||     5
       Ensorcelled Hiber ||    11
  Use: Potion            ||     2
 Stab: Sleeping          ||     7
  Eat: Chunk             ||     5
Armor: Robe              ||    34
Dodge: Dodged            ||   125
